 Dungeon Crawl Stone Soup version 0.32-a0-338-g4f8ebfe289 (webtiles) character file.

Game seed: 6024178154058336751

2429 pedowka the Basher (level 9, -3/61 (78) HPs)
             Began as a Minotaur Berserker on Feb 17, 2024.
             Was a Priest of Trog.
             Slain by Maurice
             ... wielding a +0 short sword
              (4 damage)
             ... on level 7 of the Dungeon.
             The game lasted 00:16:09 (6556 turns).

pedowka the Basher (Minotaur Berserker)             Turns: 6556, Time: 00:16:14

HP:   -3/61 (78)    AC:  0    Str: 25    XL:     9   Next: 24%
MP:   3/8           EV: 15    Int:  4    God:    Trog [***...]
Gold: 0             SH:  0    Dex: 11    Spells: 8/8 levels left

rFire   . . .        I - melded +2 falchion
rCold   . . .        w - melded +0 buckler
rNeg    . . .        c - melded +0 ring mail
rPois   .            (helmet currently unavailable)
rElec   .            (cloak currently unavailable)
rCorr   .            y - melded +0 pair of gloves
SInv    .            (boots currently unavailable)
Will    .....        s - amulet of the acrobat
Stlth   ++           x - melded +6 ring of dexterity
HPRegen 0.30/turn    G - melded +4 ring of protection
MPRegen 0.11/turn

%: acrobat
@: pig-form (expiring), on berserk cooldown, heavily drained, very quick
A: fast, no casting, small, (horns 2), (retaliatory headbutt)
a: Renounce Religion, Berserk, Trog's Hand


You were on level 7 of the Dungeon.
You worshipped Trog.
Trog was most pleased with you.
You were a filthy swine.
You visited 1 branch of the dungeon, and saw 7 of its levels.

Inventory:

Hand Weapons
 a - a +0 hand axe
 j - a +2 vampiric whip
 u - a +2 scythe of freezing
 F - a +0 club
 I - a +2 falchion (melded)
Armour
 c - a +0 ring mail (melded)
 w - a +0 buckler (melded)
 y - a +0 pair of gloves (melded)
Magical Staves
 t - a staff of conjuration
Jewellery
 s - an amulet of the acrobat (around neck)
 x - a +6 ring of dexterity (melded)
 G - a +4 ring of protection (melded)
 H - a ring of protection from fire
Talismans
 A - a blade talisman
 E - a beast talisman
Wands
 v - a wand of polymorph (11)
 K - a wand of flame (24)
Scrolls
 b - a scroll of revelation {unknown}
 e - 2 scrolls of amnesia {unknown}
 i - 3 scrolls of vulnerability {unknown}
 k - 8 scrolls of identify
 l - a scroll of teleportation {unknown}
 p - 2 scrolls of immolation {unknown}
 q - a scroll of enchant armour {unknown}
 B - a scroll of butterflies {unknown}
 C - a scroll of fog {unknown}
Potions
 d - 2 potions of haste {unknown}
 f - a potion of mutation {unknown}
 g - 3 potions of heal wounds
 h - 2 potions of lignification {unknown}
 m - a potion of resistance {unknown}
 n - 2 potions of might {unknown}
 r - 3 potions of curing {unknown}
 z - 3 potions of degeneration {unknown}


   Skills:
 + Level 6.8 Fighting
 + Level 4.9(7.4) Axes
 + Level 8.7(9.3) Maces & Flails
 + Level 7.1 Armour
 + Level 5.1 Dodging
 + Level 1.7 Stealth
 + Level 3.6 Shields
 + Level 1.8 Unarmed Combat


You had 8 spell levels left.
You didn't know any spells.
Your spell library contained the following spells:

 Spells                   Type           Power      Damage    Failure   Level
 Gell's Gravitas          Tloc           0%         N/A       86%         3
 Ozocubu's Armour         Ice            0%         N/A       86%         3
 Teleport Other           Tloc           0%         N/A       86%         3
 Metabolic Englaciation   Hex/Ice        0%         N/A       100%        5
 Dispersal                Tloc           0%         N/A       100%        6
 Sculpt Simulacrum        Ice/Alch       0%         N/A       100%        6


Dungeon Overview and Level Annotations

Branches:
Dungeon (7/15)             Temple (0/1) D:5

Altars:
Cheibriados
Elyvilon
Hepliaklqana
Qazlal
Trog
Wu Jian

Annotations:
D:7 Jeremiah, Maurice


Innate Abilities, Weirdness & Mutations

You are a filthy swine.
You move quickly.
Your equipment is almost entirely melded.
You are incapable of wielding weapons or throwing items.
You cannot cast spells.
((You have a pair of horns on your head.))
((You reflexively headbutt those who attack you in melee.))


Message History

Jeremiah hops!
Your transformation is almost over.
The butterfly disappears in a burst of colours!
The butterfly disappears in a burst of colours! x2
The butterfly disappears in a burst of colours! x2
Jeremiah completely misses you.
You hit Jeremiah but do no damage.
Jeremiah is heavily wounded.
The butterfly disappears in a burst of colours!
You barely miss Jeremiah.
Jeremiah is heavily wounded.
The butterfly disappears in a burst of colours!
Jeremiah hops!
Jeremiah hops!
The butterfly disappears in a burst of colours! x2
You closely miss the butterfly.
The butterfly disappears in a burst of colours! x3
The butterfly disappears in a burst of colours!
Jeremiah misses you.
You bite something!
The butterfly disappears in a burst of colours!
Jeremiah hits you from afar with a +4 trident of draining.
You feel drained. Something hits you.
Something steals the ring "Duamis" {rF+ Will++ Str-4}!
Something bites you.
You feel your power leaking away. Something drains your magic.
You're still recovering from your berserk rage.
Okay, then.
Okay, then.
As you read the scroll labelled VIVUKU LACRODGH, it crumbles to dust.
It is a scroll of identify.
g - 3 potions of heal wounds The butterfly disappears in a burst of colours! x2
Jeremiah hits you from afar with a +4 trident of draining!
* * * LOW HITPOINT WARNING * * *
You feel drained.
* * * LOW HITPOINT WARNING * * *
Something completely misses you. Something bites you.
You die...

#.....#
#.....#
#.....#
#.....#
#....b#
##.bb##
######bbF#
#...bb{bb+
#....bhbb#
#.b..$...#
#....b.b.#
#........#
##########


You could see Jeremiah.

Vanquished Creatures
  Sigmund (D:4)
  A wyvern (D:7)
  Eustachio (D:4)
  Menkaure (D:4)
  2 water moccasins
  2 orc warriors
  A sky beast (D:4)
  An ogre (D:6)
  A black bear (D:6)
  An ice beast (D:6)
  A phantom (D:5)
  A kobold brigand (D:6)
  2 scorpions (D:5)
  4 wights (D:7)
  A bombardier beetle (D:5)
  4 hounds
  An orc priest (D:7)
  Terence (D:3)
  2 iguanas (D:6)
  2 orc wizards
  4 gnolls (D:6)
  5 adders
  2 shadow imps
  2 white imps
  2 dart slugs
  5 ribbon worms
  5 orcs
  2 bats (D:2)
  9 endoplasms
  4 giant cockroaches
  10 goblins
  2 hobgoblins
  7 jackals
  5 quokkas
  5 ball pythons
  5 frilled lizards
  15 kobolds
  4 rats
124 creatures vanquished.

Notes
Turn   | Place    | Note
-------+----------+-------------------------------------------
     0 | D:1      | pedowka the Minotaur Berserker began the quest for the Orb.
     0 | D:1      | Reached XP level 1. HP: 19/19 MP: 0/0
   139 | D:1      | Reached XP level 2. HP: 12/27 MP: 1/1
   681 | D:1      | Reached XP level 3. HP: 32/33 MP: 2/2
   974 | D:2      | Reached ** piety under Trog
  1076 | D:2      | Reached skill level 1 in Maces & Flails
  1113 | D:2      | Identified the ring "Duamis" {rF+ Will++ Str-4}
  1127 | D:2      | Reached XP level 4. HP: 41/41 MP: 3/3
  1742 | D:3      | Noticed Terence
  1753 | D:3      | Killed Terence
  1754 | D:3      | Reached skill level 2 in Maces & Flails
  1879 | D:3      | Found a stormy altar of Qazlal.
  2111 | D:3      | Found a faded altar of an unknown god.
  2147 | D:3      | Reached XP level 5. HP: 47/47 MP: 4/4
  2198 | D:3      | Found an ornate altar of the Wu Jian Council.
  2204 | D:3      | Noticed a spectral centipede
  2204 | D:3      | Noticed a spectral black mamba
  2204 | D:3      | Noticed a spectral cane toad
  2300 | D:3      | Found a white marble altar of Elyvilon.
  2476 | D:4      | Noticed Menkaure
  2486 | D:4      | Killed Menkaure
  2487 | D:4      | Reached skill level 3 in Maces & Flails
  2487 | D:4      | Reached XP level 6. HP: 26/55 MP: 5/5
  2621 | D:4      | Noticed a sky beast
  2637 | D:4      | Killed a sky beast
  2638 | D:4      | Reached skill level 5 in Fighting
  2676 | D:4      | Noticed Sigmund
  2692 | D:4      | Killed Sigmund
  2692 | D:4      | Reached *** piety under Trog
  2693 | D:4      | Reached skill level 4 in Maces & Flails
  2693 | D:4      | Reached skill level 1 in Stealth
  2693 | D:4      | Reached XP level 7. HP: 58/61 MP: 6/6
  2743 | D:4      | Noticed Eustachio
  2811 | D:4      | Killed Eustachio
  2812 | D:4      | Reached skill level 5 in Maces & Flails
  2812 | D:4      | Reached skill level 5 in Armour
  3929 | D:4      | Found a bloodstained altar of Trog.
  4219 | D:5      | Entered Level 5 of the Dungeon
  4239 | D:5      | Reached skill level 1 in Unarmed Combat
  4255 | D:5      | Reached skill level 6 in Maces & Flails
  4255 | D:5      | Reached XP level 8. HP: 63/70 MP: 7/7
  4449 | D:5      | Found a staircase to the Ecumenical Temple.
  4892 | D:5      | Reached skill level 1 in Shields
  5092 | D:6      | Found a snail-covered altar of Cheibriados.
  5096 | D:6      | Found a hazy altar of Hepliaklqana.
  5163 | D:6      | Reached skill level 7 in Maces & Flails
  5453 | D:6      | Reached skill level 8 in Maces & Flails
  5803 | D:7      | Reached XP level 9. HP: 73/78 MP: 8/8
  5845 | D:7      | Reached skill level 5 in Dodging
  6074 | D:7      | Reached **** piety under Trog
  6501 | D:7      | Noticed Jeremiah
  6504 | D:7      | Noticed Maurice
  6520 | D:7      | Maurice stole a +2 halberd
  6522 | D:7      | Maurice stole a beast talisman
  6531 | D:7      | Something stole 415 gold
  6555 | D:7      | Something stole the ring "Duamis" {rF+ Will++ Str-4}
  6556 | D:7      | HP: 1/61 [Jeremiah/+4 trident of draining (5)]
  6556 | D:7      | Slain by Maurice

Illustrated notes

Levels and vault maps discovered:
D:1:      giann_bridges, layout_loops_ring
D:2:      minmay_kobold_bridge, layout_loops_ring, chequers_jeans
D:3:      layout_loops_cross, pdpol_wu_jian_five_deadly_venoms,
          nicolae_qazlal_eye_of_the_storm, mainiacjoe_overflow_alcove_4,
          dilly_ecumenical_altar_fadedgnrine, minivault_19, uniq_terence
D:4:      layout_basic, lemuel_round_altar, nrook_mini_backslash, uniq_menkaure,
          uniq_eustachio, uniq_sigmund
D:5:      layout_cave_pods, minmay_temple_entry_glassed_door
D:6:      layout_cave_pools, chequers_temple_overflow_statue_of_worship
D:7:      layout_gridville, chequers_temple_overflow_minitemple, vehumet_statue,
          minmay_circle_x, uniq_maurice, uniq_jeremiah, uniq_prince_ribbit1

Skill      XL: |  1  2  3  4  5  6  7  8  9 |
---------------+----------------------------+-----
Axes           | 4 |  4.9
Fighting       | 4 5 6 |  6.8
Maces & Flails | 1 2 3 4 6 8 |  8.7
Armour         | 3 4 5 6 7 |  7.1
Dodging        | 3 4 5 |  5.1
Stealth        | 1 |  1.7
Unarmed Combat | 1 |  1.8
Shields        | 3 |  3.6

Action                     |  1- 3 |  4- 6 |  7- 9 || total
---------------------------+-------+-------+-------++-------
  Melee: Hand axe          |    37 |       |       ||    37
         Headbutt          |    11 |    15 |    41 ||    67
         Whip              |    40 |    70 |   224 ||   334
         Unarmed           |       |       |    31 ||    31
         Falchion          |       |       |    21 ||    21
 Invoke: Berserk           |       |       |     5 ||     5
    Use: Scroll            |       |       |     1 ||     1
 Armour: Ring mail         |    39 |    44 |   126 ||   209
         Skin              |       |       |    27 ||    27
  Dodge: Dodged            |    38 |    35 |   178 ||   251
  Block: Buckler           |       |       |    32 ||    32

Table legend: (Time is in decaauts)
 A = Elapsed time spent in this place.
 B = Non-inter-level travel time spent in this place.
 C = Inter-level travel time spent in this place.
 D = Time resting spent in this place.
 E = Time spent auto-exploring this place.
 F = Levels seen in this place.
 G = Mean time per level.
                   A        B        C        D        E       F      G
               +--------+--------+--------+--------+--------+-----+--------+
         Total |   6531 |   6531 |      0 |   1557 |   3153 |   7 |  933.0 |
       Dungeon |   6531 |   6531 |      0 |   1557 |   3153 |   7 |  933.0 |
               +--------+--------+--------+--------+--------+-----+--------+

Top non-repeatable levels by time:
     D:4: 1815 daAuts
     D:1: 895 daAuts
     D:5: 856 daAuts
     D:3: 829 daAuts
     D:7: 803 daAuts
     D:6: 666 daAuts
     D:2: 663 daAuts
